AoeStats
← Efthiron

Arabia

504822957Analyzed
1v1 RM · 27d ago on Sep 6, 2026· 32m 33s· 2 players
Game mode
Random Map
Map size
Tiny (2 player)
Population
200
Speed
Normal
Resources
Standard
Victory
Conquest
Starting age
Dark Age
Ending age
Imperial Age
RankedLock teamsTeams togetherTeam positionsShared explorationLock speedFull tech treeHidden civsTurbo modeCheats
Victory
Defeat
🇧🇷 Maya · Brazil
1262
+16
🇲🇽 Mongols · Mexico
1267
-16
Catiorão
0:32 Loom
9:01 Feudal Age
10:27 Double-Bit Axe
14:35 Fletching
16:47 Padded Archer Armor
23:47 Castle Age
23:25 Gold Mining
23:40 Horse Collar
24:23 Bodkin Arrow
24:19 Crossbowman
25:51 Leather Archer Armor
26:02 Squires
27:28 Scale Mail Armor
27:48 Eagle Warrior
30:40 Forging
31:33 Chain Mail Armor
Efthiron
5:52 Loom
8:45 Feudal Age
9:25 Double-Bit Axe
16:17 Wheelbarrow
16:48 Padded Archer Armor
18:02 Fletching
23:20 Castle Age
23:41 Elite Skirmisher
25:45 Bodkin Arrow
Connection lost

Rejoining the realm…

Still unreachable

The connection could not be restored.

Session expired

The server has moved on; the page needs a fresh start.